 Dungeon Crawl Stone Soup version 0.27.1-1-g398f81649c (webtiles) character file.

Game seed: 17438313006206954386

1 101zpm the Covered (level 1, -3/14 HPs)
             Began as a Gargoyle Fighter on Sept 19, 2021.
             Slain by Jessica (5 damage)
             ... on level 3 of the Dungeon.
             The game lasted 00:00:20 (35 turns).

101zpm the Covered (Gargoyle Fighter)                 Turns: 35, Time: 00:00:20

Health: -3/14      AC:  9    Str: 19    XL:     1   Next: 20%
Magic:  1/1        EV:  7    Int:  8    God:
Gold:   0          SH:  9    Dex:  9    Spells: 0/0 levels left

rFire    . . .     SeeInvis .   a - +0 flail
rCold    . . .     Faith    .   c - +0 kite shield
rNeg     + . .     Spirit   .   b - +0 scale mail
rPois    ∞         Reflect  .   (no helmet)
rElec    +         Harm     .   (no cloak)
rCorr    .         Rampage  .   (no gloves)
Will     .....                  (no boots)
Stlth    ..........             (no amulet)
HPRegen  0.04/turn              (no ring)
MPRegen  0.07/turn              (no ring)

@: no status effects
A: sickness immunity, AC +2, negative energy resistance 1, electricity
resistance, torment resistance 1, petrification resistance
a: no special abilities


You were on level 3 of the Dungeon.
You visited 1 branch of the dungeon, and saw 3 of its levels.

Inventory:

Hand Weapons
 a - a +0 flail (weapon)
Armour
 b - a +0 scale mail (worn)
 c - a +0 kite shield (worn)
Potions
 d - a potion of might


   Skills:
 + Level 3.3 Fighting
 + Level 2.0 Maces & Flails
 + Level 3.3 Armour
 + Level 3.3 Shields


You couldn't memorise any spells.
You didn't know any spells.
Your spell library was empty.

Dungeon Overview and Level Annotations

Branches:
Dungeon (3/15)

Altars:

Annotations:
D:3 Jessica


Innate Abilities, Weirdness & Mutations

You are immune to sickness and miasma.
Your stone body is resilient. (AC +2)
You are immune to poison.
You resist negative energy. (rN+)
You are resistant to electric shocks. (rElec)
You are resistant to unholy torment.
You are immune to petrification.


Message History

The kobold shouts!
The dart slug launches a dart at you.
The slug dart hits you but does no damage.
Jessica grins evilly.
The kobold hits you but does no damage.
A ball python comes into view.
Found a helmet.
The ball python hisses angrily.
Jessica shouts, "You're disturbing me!
I'll have to kill you!"
A rat comes into view.
A jackal comes into view.
The jackal barks!
You hit Jessica.
Jessica is severely wounded.
Jessica hits you but does no damage.
Jessica gestures wildly while chanting.
Jessica blinks!
The kobold hits you but does no damage. You block the adder's attack.
Jessica points at you and mumbles some strange words.
Pain shoots through your body!
You hit the kobold.
The kobold is severely wounded.
The adder completely misses you. You block the kobold's attack.
The adder barely misses you. You block the kobold's attack.
The adder bites you.
You miss the adder. You block Jessica's attack.
The adder bites you but does no damage. You block Jessica's attack.
Your shield and scale mail prevent you from hitting the adder.
You block the adder's attack. The adder bites you.
Jessica mumbles some strange words.
Jessica blinks!
You barely miss the adder. The adder barely misses you.
You block Jessica's attack. You block the adder's attack.
Jessica hits you with a +2 spectral club.
* * * LOW HITPOINT WARNING * * *
You closely miss the adder. The adder bites you but does no damage.
The adder bites you.
* * * LOW HITPOINT WARNING * * *
Jessica hits you with a +2 spectral club.
You die...

...###. ###
#....... #..
......##
#.###.......
#@#...r....
#@#....h..
#S#...#


#Kr.Sw# #####.## ##..# #...# #######S#..# ........##...# #####..w(##.[... You
could see an adder, Jessica, a kobold and a rat.

Vanquished Creatures
  A hobgoblin (D:2)
1 creature vanquished.

Notes
Turn   | Place    | Note
-------+----------+-------------------------------------------
     0 | D:1      | 101zpm the Gargoyle Fighter began the quest for the Orb.
     0 | D:1      | Reached XP level 1. HP: 14/14 MP: 1/1
    13 | D:3      | Noticed Jessica
    35 | D:3      | Slain by Jessica

Illustrated notes

Levels and vault maps discovered:
D:1:      shiori_arrival_elements, layout_basic, st_stairs_11,
          grunt_decor_resistance, hex_intersection, lemuel_old_faithful
D:2:      layout_basic, ebering_ecumenical_altar_rust, uniq_natasha
D:3:      layout_basic, st_stairs_3, minmay_misc_feat_rows,
          chequers_serial_rivers_micro_b, minmay_misc_feat_iff,
          minmay_randomly_rotated_circles, uniq_terence, uniq_robin,
          uniq_jessica

Action                   || total
-------------------------++-------
Melee: Flail             ||    10
Armor: Scale mail        ||     8
Dodge: Dodged            ||     3
Block: Kite shield       ||    10
